 Dungeon Crawl Stone Soup version 0.28.0-53-g5a82cb258f (webtiles) character file.

Game seed: 8478777822464821261

130 LustLizard the Chopper (level 4, -8/61 HPs)
             Began as a Minotaur Berserker on June 27, 2022.
             Was a Believer of Trog.
             Killed by divine providence
             ... invoked by an orc priest
              (15 damage)
             ... on level 3 of the Dungeon.
             The game lasted 00:03:07 (2088 turns).

LustLizard the Chopper (Minotaur Berserker)         Turns: 2088, Time: 00:03:07

Health: -8/61      AC:  6    Str: 23    XL:     4   Next: 89%
Magic:  12/12      EV: 10    Int:  4    God:    Trog [**....]
Gold:   124        SH:  0    Dex: 10    Spells: 3/3 levels left

rFire   . . .      SeeInvis .   a - +0 hand axe
rCold   . . .      Faith    .   (no shield)
rNeg    . . .      Spirit   .   f - +0 scale mail
rPois   .          Reflect  .   (helmet restricted)
rElec   .          Harm     .   (no cloak)
rCorr   .          Rampage  .   (no gloves)
Will    .....                   (no boots)
Stlth   ..........              (no amulet)
HPRegen 0.20/turn               j - ring of magical power
MPRegen 0.13/turn               (no ring)

@: confused, berserking (expiring), very quick
A: horns 2, retaliatory headbutt
a: Renounce Religion, Berserk, Trog's Hand


You were on level 3 of the Dungeon.
You worshipped Trog.
Trog was pleased with you.
You visited 1 branch of the dungeon, and saw 3 of its levels.

You collected 124 gold pieces.

Inventory:

Hand Weapons
 a - a +0 hand axe (weapon)
Missiles
 e - 4 stones (quivered)
Armour
 b - a +0 animal skin
 f - a +0 scale mail (worn)
 h - a +0 buckler
Jewellery
 j - a ring of magical power (left hand)
Scrolls
 g - a scroll of teleportation {unknown}
 i - 4 scrolls of identify {unknown}
Potions
 c - a potion of curing {unknown}
 d - a potion of cancellation {unknown}
 k - a potion of degeneration {unknown}
 l - a potion of attraction {unknown}
 m - a potion of berserk rage {unknown}


   Skills:
 + Level 4.5 Fighting
 * Level 5.3 Axes
 - Level 2.4 Armour
 - Level 2.1 Dodging
 * Level 3.0 Shields


You had 3 spell levels left.
You didn't know any spells.
Your spell library was empty.

Dungeon Overview and Level Annotations

Branches:
Dungeon (3/15)

Altars:
Sif Muna


Innate Abilities, Weirdness & Mutations

You have a pair of horns on your head.
You reflexively headbutt those who attack you in melee.


Message History

You feel a strong urge to attack something.
The orc shouts!
The orc priest barely misses you.
The orc moves out of view.
You hit the orc priest. You headbutt the orc priest.
The orc priest is heavily wounded.
The orc priest hits you but does no damage.
You slash the orc priest!
You kill the orc priest!
Trog accepts your kill. The orc wizard casts a spell at you.
You resist with some effort.
Your Shields skill increases to level 3!
The orc wizard barely misses you.
Things that are here:
a +0 dagger; a +0 chain mail You closely miss the orc wizard.
You barely miss the orc wizard. The orc barely misses you.
The orc wizard barely misses you.
You hit the orc wizard.
The orc wizard is moderately wounded.
The orc hits you from afar with a +0 trident.
The orc priest mumbles some strange prayers to Beogh against you.
Beogh smites you!
* * * LOW HITPOINT WARNING * * *
You closely miss the orc wizard.
The orc wizard is moderately wounded.
The orc wizard gestures at you while chanting.
The magic dart hits you.
* * * LOW HITPOINT WARNING * * *
You barely miss the orc wizard.
The orc wizard is moderately wounded.
The orc closely misses you.
The orc wizard points at you and mumbles some strange words.
You are confused.
You're too confused to move!
The orc hits you from afar with a +0 trident.
* * * LOW HITPOINT WARNING * * *
The orc priest calls down the wrath of Beogh upon you.
Beogh smites you!
You die...

#################
.....oo@........#
....#o##..#.###.#
. # #..#.###.#
#.....##.#
##.#..##.#
.###.#..##.#
...........#
#######.#### #.#


You could see an orc priest, an orc wizard and an orc.

Vanquished Creatures
  An orc priest (D:3)
  2 adders
  4 gnolls (D:2)
  An ufetubus (D:2)
  2 dart slugs
  2 ball pythons
  5 endoplasms
  A giant cockroach (D:1)
  3 goblins (D:2)
  2 hobgoblins
  6 bats
  4 frilled lizards
  2 kobolds
  5 rats
40 creatures vanquished.

Notes
Turn   | Place    | Note
-------+----------+-------------------------------------------
     0 | D:1      | LustLizard the Minotaur Berserker began the quest for the
                  | Orb.
     0 | D:1      | Reached XP level 1. HP: 19/19 MP: 0/0
    46 | D:1      | Found a faded altar of an unknown god.
   114 | D:1      | Reached skill level 4 in Axes
   250 | D:1      | Reached XP level 2. HP: 27/27 MP: 1/1
   782 | D:2      | Found a shimmering blue altar of Sif Muna.
  1022 | D:2      | Reached skill level 1 in Shields
  1193 | D:2      | Reached XP level 3. HP: 28/33 MP: 2/2
  1491 | D:2      | Reached XP level 4. HP: 35/40 MP: 3/3
  1605 | D:2      | Reached skill level 5 in Axes
  1676 | D:2      | Reached ** piety under Trog
  2088 | D:3      | Killed from afar by an orc priest

Illustrated notes

Levels and vault maps discovered:
D:1:      dpeg_arrival_arbitrary_c, layout_basic, basic_ecumenical_altar
D:2:      layout_basic, basic_altar
D:3:      layout_loops_cross, lemuel_doored_altar, uniq_crazy_yiuf_cottage,
          uniq_terence

Skill      XL: |  1  2  3  4 |
---------------+-------------+-----
Axes           | 4 5 |  5.3
Fighting       | 4 |  4.5
Shields        | 1 2 3 |  3.0
Armour         | |  2.4
Dodging        | |  2.1

Action                   |  1- 3 |  4- 6 || total
-------------------------+-------+-------++-------
Melee: Hand axe          |    73 |    33 ||   106
       Headbutt          |     8 |     6 ||    14
Throw: Stone             |     4 |     4 ||     8
Invok: Berserk           |       |     1 ||     1
Armor: Animal skin       |     2 |       ||     2
       Scale mail        |    21 |    12 ||    33
Dodge: Dodged            |    33 |    17 ||    50
